 Dungeon Crawl Stone Soup version 0.18-a0-1164-g7046a04 (webtiles) character file.

424 M4edhros the Sneak (level 6, -2/38 HPs)
             Began as an Octopode Artificer on Jan 25, 2016.
             Slain by an ogre
             ... wielding a +0 giant club
              (20 damage)
             ... on level 5 of the Dungeon.
             The game lasted 00:07:34 (3337 turns).

M4edhros the Sneak (Octopode Artificer)             Turns: 3337, Time: 00:07:35

Health: -2/38      AC:  1    Str: 11    XL:     6   Next: 96%
Magic:  9/9        EV: 11    Int: 21    God:    Xom [....*.]
Gold:   134        SH:  8    Dex: 12    Spells: 0 memorised, 5 levels left

rFire  + . .     SeeInvis .     a - +0 short sword
rCold  . . .     Gourm    .     g - +0 shield
rNeg   . . .     Faith    .     (helmet restricted)
rPois  .         Spirit   .     (no amulet)
rElec  .         Dismiss  .     n - ring of protection from fire
rCorr  .         Reflect  .     (no ring)
SustAt .         Harm     .     (no ring)
MR     .....                    (no ring)
Stlth  ++++......               (no ring)
                                (no ring)
                                (no ring)
                                (no ring)

@: brilliant, not resistant to hostile enchantments, stealthy
A: almost no armour, amphibious, 8 rings, constrict 8, camouflage 1, gelatinous
body 1
a: Renounce Religion


You were on level 5 of the Dungeon.
You worshipped Xom.
You were a beloved toy of Xom.
You were not hungry.

You visited 1 branch of the dungeon, and saw 5 of its levels.

You collected 134 gold pieces.

Inventory:

Hand Weapons
 a - a +0 short sword (weapon)
Missiles
 k - 99 stones (quivered)
 l - 32 sling bullets
 o - 10 steel sling bullets
Armour
 g - a +0 shield (worn)
Jewellery
 n - a ring of protection from fire (left tentacle)
 w - an uncursed ring of ice
Wands
 b - a wand of flame (7/48)
 c - a wand of enslavement (2/24)
 d - a wand of random effects (10/48)
 u - a wand of frost (9/48)
Scrolls
 h - 4 scrolls of immolation {unknown}
 i - a scroll of teleportation {unknown}
 m - a scroll of random uselessness {unknown}
 p - 3 scrolls of identify {unknown}
 s - 2 scrolls of remove curse {unknown}
Potions
 e - a potion of mutation {unknown}
 j - a potion of heal wounds {unknown}
 q - a potion of poison {unknown}
 r - a potion of haste {unknown}
 t - a potion of flight {unknown}
Books
 v - a book of Fire

   Spells                             Type                      Level
   a - Ignite Poison                  Fire/Transmutation/Poison    3
   b - Fireball                       Conjuration/Fire             5
   c - Bolt of Fire                   Conjuration/Fire             6
   d - Delayed Fireball               Conjuration/Fire             7
   e - Ring of Flames                 Charms/Fire                  7
Comestibles
 f - a bread ration


   Skills:
 - Level 1.0 Fighting
 - Level 1.0 Short Blades
 * Level 4.0 Dodging
 * Level 5.1 Stealth
 * Level 3.4 Shields
 + Level 4.5 Evocations


You had 5 spell levels left.
You didn't know any spells.

Dungeon Overview and Level Annotations

Branches:
Dungeon (5/15)
 Temple: D:4-7

Altars:
Cheibriados
Dithmenos
Elyvilon
Kikubaaqudgha
Makhleb
Okawaru
Pakellas
Trog
Vehumet
Xom
The Shining One

Shops:
D:4 =(}[:


Innate Abilities, Weirdness & Mutations

You cannot wear most types of armour.
You are amphibious.
You can wear up to eight rings at the same time.
You can use your tentacles to constrict eight enemies at once.
Your skin changes colour to match your surroundings (Stealth).
Your rubbery body absorbs attacks (AC +1).


Message History

You are no longer poisoned.
You start resting.
HP restored.
You see here a lajatang.
The helpless ogre fails to defend itself.
You puncture the ogre! You squeeze the ogre.
The ogre is heavily wounded.
The ogre hits you with a giant club!!
Ouch! That really hurt!
You see here a lajatang.
You see here a worker ant corpse. "Go forth and cause havoc, mortal!"
You feel clever all of a sudden.
You are now a beloved toy of Xom. "This might be better!"
You swap places with the ogre.
The ogre hits you with a giant club!!
Ouch! That really hurt!
You die...
Xom chortles!

#.##........# #.##..#.#######
#.............. #......########
#.##.#.###### #######
#.##......†.# #....).
#####.####.####.# ##.#####
......####.# ##.## #..[# #
####.......# #.O@# ###...###
##.#.###### #...# ###.......#
##.###.##### #...# #.........##
....#......###...#####...##....##
###...####...........#.........##
......#...................#......
##......##..<........#.........##
###.......###...#####.#......###
#).####.# #...# #.........##


You could see an ogre.

Vanquished Creatures
  An ogre (D:5)
  A hound (D:4)
  2 orc wizards
  A giant frog skeleton (D:4)
  3 iguanas
  2 worker ants (D:5)
  A hound skeleton (D:4)
  5 adders
  A worm (D:4)
  2 giant geckos (D:4)
  5 orcs
  5 bats
  4 goblins
  2 hobgoblins (D:2)
  2 kobolds
  A quokka (D:3)
  2 giant newts
  A quokka skeleton (D:4)
41 creatures vanquished.

Vanquished Creatures (collateral kills)
  2 orcs (D:4)
  A hobgoblin (D:2)
  A giant newt (D:2)
  3 rats (D:2)
7 creatures vanquished.

Grand Total: 48 creatures vanquished

Notes
Turn   | Place    | Note
--------------------------------------------------------------
     0 | D:1      | M4edhros the Octopode Artificer began the quest for the Orb.
     0 | D:1      | Reached XP level 1. HP: 13/13 MP: 3/3
   192 | D:1      | Reached skill level 1 in Shields
   254 | D:1      | Reached XP level 2. HP: 18/18 MP: 4/4
   511 | D:2      | Reached XP level 3. HP: 23/23 MP: 5/5
   925 | D:4      | Found Uzotis's Antique Weapon Shop.
   931 | D:4      | Found Ybull's Jewellery Shop.
   972 | D:4      | Found Kig Asua's Gadget Boutique.
  1143 | D:4      | Reached XP level 4. HP: 12/28 MP: 6/6
  1483 | D:4      | Found a burning altar of Makhleb.
  1659 | D:4      | Found Gout's Book Shoppe.
  1667 | D:4      | Reached skill level 4 in Evocations
  1669 | D:4      | Found Fubb's Antique Armour Boutique.
  1669 | D:4      | Noticed an ogre
  1685 | D:4      | Reached XP level 5. HP: 15/33 MP: 8/8
  2249 | D:4      | Found an oddly glowing altar of Pakellas.
  2252 | D:4      | Found a shadowy altar of Dithmenos.
  2256 | D:4      | Found a white marble altar of Elyvilon.
  2256 | D:4      | Found an iron altar of Okawaru.
  2257 | D:4      | Found a shimmering altar of Xom.
  2258 | D:4      | Found an ancient bone altar of Kikubaaqudgha.
  2259 | D:4      | Found a radiant altar of Vehumet.
  2260 | D:4      | Found a snail-covered altar of Cheibriados.
  2261 | D:4      | Found a bloodstained altar of Trog.
  2270 | D:4      | Became a worshipper of Xom of Chaos
  2383 | D:4      | XOM: harmless Erth miscast
  2512 | D:4      | Reached XP level 6. HP: 19/38 MP: 9/9
  2732 | D:5      | Entered Level 5 of the Dungeon
  2779 | D:5      | XOM: harmless Pois miscast
  2885 | D:5      | XOM: silly message
  3041 | D:5      | Found a glowing golden altar of the Shining One.
  3168 | D:5      | Reached skill level 5 in Stealth
  3334 | D:5      | XOM: potion effect (brilliance)
  3336 | D:5      | XOM: swap monsters
  3337 | D:5      | Slain by an ogre

Vault maps used:
D:1:      matt_arrival_spirals
D:3:      minmay_box_of_dots, uniq_robin
D:4:      kennysheep_the_goblin_king, minitemple, makhleb_heckhound_becter,
          serial_shops, shop, nicolae_shop_waterfront, shop,
          nicolae_shop_overgrown_old_shop, nicolae_shop_stone
D:5:      lemuel_round_altar, first_bread, small_statue_intersection

Action                   |  1- 3 |  4- 6 || total
-------------------------+-------+-------++-------
Melee: Short sword       |    37 |    72 ||   109
Evoke: Wand              |    14 |    12 ||    26
  Use: Potion            |       |     1 ||     1
 Stab: Sleeping          |     4 |    13 ||    17
  Eat: Chunk             |       |     3 ||     3
       Bread ration      |       |     1 ||     1
